 Dungeon Crawl Stone Soup version 0.18.1-1-g2f07953 (webtiles) character file.

65 Aleksandr27reg the Magician (level 3, 0/19 HPs)
             Began as a Deep Elf Wizard on Sept 7, 2016.
             Killed by nerve-wracking pain
             ... invoked by an orc priest
              (8 damage)
             ... on level 3 of the Dungeon.
             The game lasted 00:07:51 (1630 turns).

Aleksandr27reg the Magician (Deep Elf Wizard)       Turns: 1630, Time: 00:07:52

Health: 0/19       AC:  8    Str:  4    XL:     3   Next: 92%
Magic:  4/12       EV: 13    Int: 23    God:
Gold:   125        SH:  0    Dex: 13    Spells: 1 memorised, 13 levels left

rFire  . . .     SeeInvis .     k - +1 short sword (protect)
rCold  . . .     Gourm    .     a - +0 robe
rNeg   . . .     Faith    .     (no shield)
rPois  .         Spirit   .     b - +0 hat
rElec  .         Dismiss  .     (no cloak)
rCorr  .         Reflect  .     r - +0 pair of gloves
SustAt .         Harm     .     (no boots)
MR     .....                    (no amulet)
Stlth  ++........               (no ring)
                                (no ring)

@: not resistant to hostile enchantments, unstealthy
A: no striking features
a: no special abilities


You were on level 3 of the Dungeon.
You were not hungry.

You visited 1 branch of the dungeon, and saw 3 of its levels.

You collected 125 gold pieces.

Inventory:

Hand Weapons
 k - a +1 short sword of protection (weapon)
Armour
 a - a +0 robe (worn)
 b - a +0 hat (worn)
 r - a +0 pair of gloves (worn)
Wands
 s - a wand of flame (39/48)
Scrolls
 f - a scroll of amnesia
 n - a scroll of teleportation {unknown}
 o - a scroll of noise {unknown}
Potions
 e - a potion of degeneration {unknown}
 i - 2 potions of curing
 j - a potion of resistance
 m - a potion of magic {unknown}
 q - a potion of might {unknown}
Books
 c - a book of Minor Magic

   Spells                             Type                      Level
   a - Magic Dart                     Conjuration                  1
   b - Blink                          Translocation                2
   c - Call Imp                       Summoning                    2
   d - Repel Missiles                 Charms/Air                   2
   e - Slow                           Hexes                        2
   f - Conjure Flame                  Conjuration/Fire             3
   g - Mephitic Cloud                 Conjuration/Poison/Air       3
 p - a book of Power

   Spells                             Type                      Level
   a - Fulminant Prism                Conjuration/Hexes            4
   b - Iskenderun's Mystic Blast      Conjuration                  4
   c - Venom Bolt                     Conjuration/Poison           5
   d - Bolt of Magma                  Conjuration/Fire/Earth       5
   e - Iron Shot                      Conjuration/Earth            6
   f - Orb of Destruction             Conjuration                  7
   g - Spellforged Servitor           Conjuration/Summoning        7
Comestibles
 d - 3 bread rations
 g - 9 fruits
 h - a beef jerky
 l - 3 chunks of flesh


   Skills:
 + Level 2.7 Dodging
 + Level 2.5 Stealth
 * Level 6.3 Spellcasting
 + Level 1.5 Conjurations
   Level 1.1 Summonings
   Level 1.1 Translocations


You had 13 spell levels left.
You knew the following spells:

 Your Spells              Type           Power        Failure   Level  Hunger
a - Magic Dart            Conj           ##..         4%          1    None


Dungeon Overview and Level Annotations

Branches:
Dungeon (3/15)

Altars:
Elyvilon
Kikubaaqudgha
Trog


Message History

The orc priest invokes the aid of Beogh against you.
Beogh smites you!
Ouch! That really hurt!
Casting: Magic Dart
Confirm with . or Enter, or press ? or * to list all spells.
Aiming: Magic Dart
Press: ? - help, Shift-Dir - straight line, f/p - orc priest
Aim: an orc priest, wearing a ring mail (severely wounded)
The magic dart hits the orc priest.
The orc priest is severely wounded.
Casting: Magic Dart
Confirm with . or Enter, or press ? or * to list all spells.
Aiming: Magic Dart
Press: ? - help, Shift-Dir - straight line, f/p - orc priest
Aim: an orc priest, wearing a ring mail (severely wounded)
The magic dart hits the orc priest.
The orc priest is severely wounded.
The orc priest calls down the wrath of Beogh upon you.
Pain shoots through your body!
You die...

............ #.........
...........#+# #...[.....
...........#.###....(....
....................##...
##......oo..........##.##
.................####....
.................## #....
.....###..........# #....
...# #@.........# #####
...#####..........#
.............[....#
..................#
....................
.....................
...######............ ..
#............ .
#...........


You could see an orc priest and an orc.

Vanquished Creatures
  3 adders
  An ooze (D:3)
  A dart slug (D:1)
  2 orcs (D:3)
  A ball python (D:1)
  2 bats (D:3)
  2 goblins
  3 hobgoblins
  3 jackals (D:2)
  4 kobolds
  A quokka (D:3)
  3 giant newts
  4 rats
30 creatures vanquished.

Notes
Turn   | Place    | Note
--------------------------------------------------------------
     0 | D:1      | Aleksandr27reg the Deep Elf Wizard began the quest for the Orb.
     0 | D:1      | Reached XP level 1. HP: 10/10 MP: 7/7
   344 | D:1      | Reached XP level 2. HP: 15/15 MP: 3/9
   423 | D:1      | Reached skill level 5 in Spellcasting
  1042 | D:2      | Reached XP level 3. HP: 15/19 MP: 7/12
  1148 | D:2      | Found an ancient bone altar of Kikubaaqudgha.
  1151 | D:2      | Found a bloodstained altar of Trog.
  1272 | D:3      | Reached skill level 6 in Spellcasting
  1439 | D:3      | Found a white marble altar of Elyvilon.
  1630 | D:3      | Killed from afar by an orc priest

Skill      XL: |  1  2  3 |
---------------+----------+-----
Spellcasting   | 5 6 |  6.3
Dodging        | |  2.7
Stealth        | |  2.5
Conjurations   | |  1.5
Summonings     | |  1.1
Translocations | |  1.1

Action                   || total
-------------------------++-------
Melee: Short sword       ||    10
 Cast: Magic Dart        ||   103
  Use: Scroll            ||     4
  Eat: Bread ration      ||     1
Armor: Robe              ||     9
Dodge: Dodged            ||    27
